 Dungeon Crawl Stone Soup version 0.27.0-1-g7a089689b8 (webtiles) character file.

Game seed: 3014886303920130826

856 ZombieSheep the Cleaver (level 8, -2/73 HPs)
             Began as a Hill Orc Monk on Aug 9, 2021.
             Was a Priest of Sif Muna.
             Succumbed to a water moccasin's poison
             ... on level 6 of the Dungeon.
             The game lasted 00:08:19 (6011 turns).

ZombieSheep the Cleaver (Hill Orc Monk)             Turns: 6011, Time: 00:08:20

Health: -2/73      AC:  4    Str: 16    XL:     8   Next: 2%
Magic:  10/10      EV: 11    Int: 10    God:    Sif Muna [***...]
Gold:   267        SH:  0    Dex: 13    Spells: 7/7 levels left

rFire    . . .     SeeInvis .   a - +1 war axe
rCold    . . .     Faith    .   (no shield)
rNeg     . . .     Spirit   .   h - +0 ring mail
rPois    .         Reflect  .   (no helmet)
rElec    .         Harm     .   (no cloak)
rCorr    .         Rampage  .   j - +0 pair of gloves
Will     .....                  e - +1 pair of boots
Stlth    +.........             (no amulet)
HPRegen  0.22/turn              (no ring)
MPRegen  0.12/turn              (no ring)

@: lethally poisoned (-2 -> -24), corroded
A: no striking features
a: Renounce Religion, Channel Magic, Forget Spell


You were on level 6 of the Dungeon.
You worshipped Sif Muna.
Sif Muna was most pleased with you.
You visited 1 branch of the dungeon, and saw 6 of its levels.

You collected 267 gold pieces.

Inventory:

Hand Weapons
 a - a +1 war axe (weapon)
 m - a +0 vorpal hand axe
Missiles
 b - 2 throwing nets (quivered)
Armour
 e - a +1 pair of boots (worn)
 g - a +0 chain mail
 h - a +0 ring mail (worn)
 j - a +0 pair of gloves (worn)
Jewellery
 c - a ring of magical power
 i - an amulet of faith
Wands
 q - a wand of flame (18)
Potions
 d - a potion of flight
 f - 3 potions of brilliance
 k - a potion of cancellation
 l - a potion of mutation


   Skills:
 - Level 7.5 Fighting
 + Level 8.5 Axes
 * Level 2.1 Armour
 - Level 2.4 Dodging
 - Level 1.5 Stealth
 + Level 3.4 Invocations


You had 7 spell levels left.
You didn't know any spells.
Your spell library contained the following spells:

 Spells                   Type           Power      Damage    Failure   Level
 Animate Skeleton         Necr           0%         N/A       56%         1
 Apportation              Tloc           0%         N/A       56%         1
 Corona                   Hex            0%         N/A       56%         1
 Pain                     Necr           0%         1d4       56%         1
 Summon Small Mammal      Summ           0%         N/A       56%         1
 Ensorcelled Hibernation  Hex/Ice        0%         N/A       71%         2
 Slow                     Hex            0%         N/A       71%         2
 Static Discharge         Conj/Air       0%         N/A       71%         2
 Confusing Touch          Hex            0%         N/A       91%         3
 Spider Form              Tmut/Pois      0%         N/A       91%         3
 Vampiric Draining        Necr           0%         2d6       91%         3
 Dispel Undead            Necr           0%         3d6       100%        4
 Sticky Flame             Conj/Fire      0%         2d3       100%        4
 Agony                    Necr           0%         N/A       100%        5
 Alistair's Intoxication  Tmut/Pois      0%         N/A       100%        5
 Excruciating Wounds      Necr           0%         N/A       100%        5
 Summon Forest            Summ/Tloc      0%         N/A       100%        5
 Summon Mana Viper        Hex/Summ       0%         N/A       100%        5
 Invisibility             Hex            0%         N/A       100%        6
 Shadow Creatures         Summ           N/A        N/A       100%        6


Dungeon Overview and Level Annotations

Branches:
Dungeon (6/15)
 Temple: D:4-7

Altars:
Ashenzari
Ru
Sif Muna
The Shining One

Annotations:
D:2 1 runed translucent door, Crazy Yiuf


Message History

You miss the water moccasin. The water moccasin barely misses you.
The jelly barely misses you. The water moccasin barely misses you.
You hit the water moccasin.
The water moccasin is moderately wounded.
The water moccasin misses you. The water moccasin bites you.
You are poisoned.
The water moccasin poisons you!
You closely miss the water moccasin.
The water moccasin is moderately wounded.
You feel very sick. The water moccasin barely misses you.
You hit the water moccasin but do no damage.
The water moccasin is moderately wounded.
You feel sick. The water moccasin closely misses you.
The water moccasin bites you.
You slash the water moccasin!
The water moccasin is severely wounded.
You feel sick. The water moccasin bites you.
You are more poisoned.
The water moccasin poisons you!
You hit the water moccasin but do no damage.
The water moccasin is severely wounded.
You feel very sick. The water moccasin bites you.
You are lethally poisoned!
The water moccasin poisons you! The water moccasin barely misses you.
You hit the water moccasin.
The water moccasin is severely wounded.
* * * LOW HITPOINT WARNING * * *
You feel extremely sick. The water moccasin bites you.
* * * LOW HITPOINT WARNING * * *
You miss the water moccasin.
The water moccasin is severely wounded.
* * * LOW HITPOINT WARNING * * *
You feel extremely sick.
The water moccasin closely misses you. x2
You hit the water moccasin but do no damage.
The water moccasin is severely wounded.
You die...

♣ ..♣ ♣. ♣..
♣. .. ♣♣♣#
♣.♣♣♣.♣ ♣...
♣...♣.♣
♣♣.♣#
♣♣.....♣
♣♣♣..♣#
♣...[J♣
♣♣♣♣...♣♣
♣...♣♣S♣
♣♣.♣.♣.♣♣
♣.♣ ♣@♣
♣♣♣.†.♣♣♣♣ #
♣
♣.♣♣♣♣.♣.♣♣♣
# ♣♣.♣♣.♣..♣
# ♣♣...♣♣.(♣
♣♣♣♣♣♣♣.♣
..♣ ♣♣.♣ .♣
♣


You could see a water moccasin and a jelly.

Vanquished Creatures
  Menkaure (D:4)
  2 black bears
  An ogre (D:5)
  A bullfrog (D:6)
  2 water moccasin zombies (D:5)
  A hound (D:5)
  An orc priest (D:3)
  A centaur skeleton (D:3)
  2 iguanas (D:5)
  6 gnolls (D:4)
  An adder (D:5)
  A white imp (D:5)
  A worm (D:4)
  4 dart slugs
  5 orcs
  6 endoplasms
  3 giant cockroaches
  9 goblins
  5 hobgoblins
  8 jackals
  5 ball pythons
  2 frilled lizards
  A goblin zombie (D:5)
  A hobgoblin zombie (D:5)
  6 kobolds
  A kobold skeleton (D:5)
  An orc skeleton (D:5)
  2 orc zombies (D:5)
  A rat (D:2)
81 creatures vanquished.

Notes
Turn   | Place    | Note
-------+----------+-------------------------------------------
     0 | D:1      | ZombieSheep the Hill Orc Monk began the quest for the Orb.
     0 | D:1      | Reached XP level 1. HP: 19/19 MP: 1/1
    43 | D:1      | Reached XP level 2. HP: 10/27 MP: 2/2
   848 | D:1      | Reached XP level 3. HP: 31/34 MP: 3/3
   988 | D:1      | Found a broken altar of Ashenzari.
  1337 | D:2      | Reached skill level 5 in Axes
  1872 | D:2      | Found a runed translucent door.
  1873 | D:2      | Noticed Crazy Yiuf
  1991 | D:3      | Found a sacrificial altar of Ru.
  2263 | D:3      | Reached skill level 5 in Fighting
  2263 | D:3      | Reached XP level 4. HP: 36/42 MP: 4/4
  2736 | D:3      | Found a faded altar of an unknown god.
  2739 | D:3      | Became a worshipper of Sif Muna the Loreminder
  2739 | D:3      | Reached * piety under Sif Muna
  2739 | D:3      | Reached ** piety under Sif Muna
  3097 | D:3      | Reached XP level 5. HP: 47/48 MP: 5/5
  3346 | D:4      | Noticed Menkaure
  3361 | D:4      | Killed Menkaure
  3362 | D:4      | Reached skill level 6 in Axes
  3362 | D:4      | Reached XP level 6. HP: 44/57 MP: 6/6
  3814 | D:4      | HP: 1/57 [gnoll (4)]
  3815 | D:4      | Reached *** piety under Sif Muna
  4228 | D:4      | Reached skill level 7 in Axes
  4478 | D:4      | Noticed a black bear
  4488 | D:4      | Killed a black bear
  4489 | D:4      | Reached skill level 1 in Invocations
  4990 | D:5      | Entered Level 5 of the Dungeon
  5040 | D:5      | Reached XP level 7. HP: 47/64 MP: 8/8
  5341 | D:5      | Reached skill level 8 in Axes
  5724 | D:5      | Reached skill level 1 in Armour
  5762 | D:5      | Found a glowing golden altar of the Shining One.
  5895 | D:6      | Reached XP level 8. HP: 54/73 MP: 10/10
  6010 | D:6      | HP: 2/73 [poisoned by a water moccasin]
  6011 | D:6      | Succumbed to a water moccasin's poison

Illustrated notes

Levels and vault maps discovered:
D:1:      sevenhm_arrival_forest_fort_small_6, layout_basic
D:2:      layout_loops_ring, uniq_crazy_yiuf_cottage
D:3:      layout_basic, lemuel_crystal_altar,
          hellmonk_ecumenical_altar_inner_sanctum
D:4:      layout_basic, minmay_misc_feat_alley, uniq_menkaure
D:5:      layout_rooms, nicolae_tso_besieged_by_evil
D:6:      kb_forest_paths, layout_loops_ring, amcnicky_altar_gilded,
          nicolae_overflow_hidden_temple, minmay_temple_entry_mini_moons,
          guppyfry_early_elven_hall

Skill      XL: |  1  2  3  4  5  6  7 |
---------------+----------------------+-----
Fighting       | 4 5 6 7 |  7.5
Axes           | 5 6 7 8 |  8.5
Invocations    | 1 3 |  3.4
Armour         | 2 |  2.1
Dodging        | |  2.4
Stealth        | |  1.5

Action                   |  1- 3 |  4- 6 |  7- 9 || total
-------------------------+-------+-------+-------++-------
Melee: Hand axe          |   127 |   141 |    30 ||   298
       War axe           |       |       |    54 ||    54
  Use: Scroll            |     4 |     4 |     5 ||    13
       Potion            |       |     1 |       ||     1
 Stab: Sleeping          |     6 |       |       ||     6
Armor: Robe              |    24 |       |       ||    24
       Ring mail         |     5 |    32 |    28 ||    65
       Skin              |       |     2 |       ||     2
Dodge: Dodged            |    86 |    77 |    58 ||   221
